 Dungeon Crawl Stone Soup version 0.31-a0-187-gba352fbbf7 (webtiles) character file.

Game seed: 15128760385776710869

332 qw the Skirmisher (level 6, -1/35 HPs)
             Began as a Deep Elf Hunter on June 22, 2023.
             Was an Initiate of Okawaru.
             Slain by Edmund
             ... wielding a +2 flail of protection
              (9 damage)
             ... on level 4 of the Dungeon.
             The game lasted 00:01:12 (3390 turns).

qw the Skirmisher (Deep Elf Hunter)                 Turns: 3390, Time: 00:01:12

Health: -1/35      AC:  6    Str: 10    XL:     6   Next: 26%
Magic:  8/8        EV:  2    Int: 14    God:    Okawaru [......]
Gold:   278        SH:  0    Dex: 24    Spells: 5/5 levels left

rFire   . . .        Y - +1 shortbow
rCold   . . .        (shield currently unavailable)
rNeg    . . .        j - +0 ring mail
rPois   .            (no helmet)
rElec   .            m - +0 cloak
rCorr   .            (no gloves)
SInv    .            (no boots)
Will    .....        (no amulet)
Stlth   ++           b - +6 ring of dexterity
HPRegen 0.25/turn    f - +5 ring of evasion
MPRegen 0.11/turn

%: no passive effects
@: sleeping
A: no striking features
a: Renounce Religion


You were on level 4 of the Dungeon.
You worshipped Okawaru.
Okawaru was noncommittal.
You visited 1 branch of the dungeon, and saw 5 of its levels.

You collected 278 gold pieces.


   Skills:
 - Level 2.0 Fighting
 + Level 9.4 Ranged Weapons
 - Level 3.4 Dodging
 - Level 1.2 Stealth


You had 5 spell levels left.
You didn't know any spells.
Your spell library was empty.

Inventory:

Hand Weapons
 Y - a +1 shortbow (weapon)
Armour
 j - a +0 ring mail (worn)
 m - a +0 cloak (worn)
Jewellery
 b - a +6 ring of dexterity (left hand)
 f - a +5 ring of evasion (right hand)
Scrolls
 k - a scroll of identify
Potions
 a - a potion of haste {unknown}
 c - a potion of enlightenment {unknown}
 e - 3 potions of curing
 g - a potion of might
 h - a potion of lignification {unknown}
 i - a potion of berserk rage {unknown}
 l - a potion of heal wounds {unknown}
 p - a potion of degeneration {unknown}

Dungeon Overview and Level Annotations

Branches:
Dungeon (5/15)
 Temple: D:4-7

Altars:
Ashenzari
Fedhas
Gozag
Kikubaaqudgha
Makhleb
Okawaru
Xom

Annotations:
D:4 1 runed translucent door, Edmund; qw's ghost, amateur DEHu


Message History

There is an entrance to an ossuary on this level.
Hurry and find it before the portal is buried!
Edmund shouts!
Found 2 coppery potions.
There is a stone staircase leading up here.
There are monsters nearby!
Waypoint 4 assigned to D:5.
3381 ||| PLANNING OSSUARY You shoot an arrow.
The arrow closely misses Edmund.
You shoot an arrow. The arrow closely misses Edmund.
Edmund asks, "Have you met my wondrous brother?"
You shoot an arrow. The arrow hits Edmund!
Edmund is lightly wounded.
The sleepcap misses you. Edmund barely misses you.
You shoot an arrow. The arrow closely misses Edmund.
Edmund hits you with a +2 flail of protection.
The sleepcap releases spores at you but does no damage.
The quokka bites you but does no damage.
3385 ||| STAIRDANCE The quokka closely misses you.
The sleepcap releases spores at you. Edmund misses you.
You climb upwards.
Level annotation: 1 runed translucent door, qw's ghost, amateur DEHu
There is a stone staircase leading down here.
You shoot an arrow.
The arrow hits Edmund but does no damage.
Edmund is lightly wounded.
The quokka misses you.
Qw's ghost wails, "Death is your only future!"
The sleepcap misses you.
Edmund hits you with a +2 flail of protection.
The quokka bites you.
You shoot an arrow. The arrow barely misses Edmund.
Edmund hits you with a +2 flail of protection!
The sleepcap closely misses you. The quokka bites you.
You shoot an arrow. The arrow barely misses Edmund.
Edmund completely misses you. The sleepcap releases spores at you.
You are engulfed in a cloud of soporific spores!
You fall asleep.
The quokka barely misses you.
Edmund hits you with a +2 flail of protection!
You die...

[...........#.#....#.............
................####...##.....:..
##.........)..#.####..#####......
###...........###.....####...#.#.
..)....................###.#####.
..##................##.##...####.
...#..........................##.
.........#......f....#####.......
.........##....r@.....#W.####....
.........:......@.....+$8#####...
....##................#..#.......
#.####................####.......
...# #...........................
...# #...............###.........
...# #.....#.........##...../....
#.## #...#.#..........#..........
### #..####....#########.......#


You could see Edmund, a sleepcap, qw's ghost and a quokka.

Vanquished Creatures
  A phantom (D:3)
  3 iguanas (D:4)
  6 gnolls (D:4)
  3 adders (D:3)
  2 worms
  2 dart slugs
  2 orcs (D:4)
  8 ball pythons
  7 bats
  8 endoplasms
  6 giant cockroaches
  3 goblins
  6 hobgoblins
  9 jackals
  2 kobolds
  4 quokkas
  4 frilled lizards
  4 rats
80 creatures vanquished.

Notes
Turn   | Place    | Note
-------+----------+-------------------------------------------
     0 | D:1      | qw the Deep Elf Hunter began the quest for the Orb.
     0 | D:1      | Reached XP level 1. HP: 12/12 MP: 3/3
     0 | D:1      | 0 ||| qw: Version: 0.3-a-9-g12657ce
     0 | D:1      | 0 ||| qw: Game counter: 2565
     0 | D:1      | 0 ||| qw: Always use a shield: true
     0 | D:1      | 0 ||| qw: God list: Okawaru
     0 | D:1      | 0 ||| qw: Allow faded altars: false
     0 | D:1      | 0 ||| qw: Do Orc after D:15 true
     0 | D:1      | 0 ||| qw: Do second Lair branch before Depths: true
     0 | D:1      | 0 ||| qw: Lair rune preference: random
     0 | D:1      | 0 ||| qw: Plans: Normal
     0 | D:1      | 0 ||| PLANNING D:1-11
   290 | D:1      | Reached skill level 6 in Ranged Weapons
   290 | D:1      | Reached XP level 2. HP: 16/16 MP: 4/4
   765 | D:1      | Found a faded altar of an unknown god.
   819 | D:1      | 819 ||| UPGRADING to +5 ring of evasion.
   820 | D:1      | 820 ||| READING 2 scrolls labelled NEZAUT BYIHACI.
   821 | D:1      | 821 ||| READING scroll labelled RAR YKEUSEOJUU.
   822 | D:1      | 822 ||| DRINKING 2 cyan potions.
   823 | D:1      | 823 ||| DRINKING 2 golden potions.
   824 | D:1      | 824 ||| DROPPING scroll of fear.
   825 | D:1      | 825 ||| DROPPING scroll of butterflies.
   826 | D:1      | 826 ||| DROPPING potion of attraction.
   961 | D:2      | Reached XP level 3. HP: 20/20 MP: 5/5
  1472 | D:2      | Reached skill level 7 in Ranged Weapons
  1559 | D:2      | 1559 ||| UPGRADING to +0 scale mail.
  1569 | D:2      | 1569 ||| DROPPING +0 leather armour.
  1570 | D:2      | 1570 ||| UPGRADING to +0 ring mail.
  1580 | D:2      | 1580 ||| DROPPING +0 scale mail.
  1581 | D:2      | 1581 ||| UPGRADING to ring of resist corrosion.
  1582 | D:2      | 1582 ||| READING scroll labelled AVUP UMUQEATIS.
  1583 | D:2      | 1583 ||| READING 2 scrolls labelled FUVERUKYIB.
  1584 | D:2      | 1584 ||| DRINKING 2 fuming yellow potions.
  1851 | D:3      | Reached XP level 4. HP: 25/25 MP: 6/6
  1884 | D:3      | Noticed a phantom
  1898 | D:3      | Killed a phantom
  1899 | D:3      | Reached skill level 8 in Ranged Weapons
  1899 | D:3      | Reached XP level 5. HP: 20/29 MP: 7/7
  2018 | D:3      | 2018 ||| STAIRDANCE
  2047 | D:2      | 2047 ||| UPGRADING to +6 ring of dexterity.
  2049 | D:2      | 2049 ||| UPGRADING to +5 ring of evasion.
  2051 | D:2      | 2051 ||| DROPPING ring of resist corrosion.
  2052 | D:2      | 2052 ||| READING scroll labelled OCZUPH REHO.
  2053 | D:2      | 2053 ||| READING scroll labelled MUOWAZ VUEMOPU.
  2486 | D:3      | Found an ancient bone altar of Kikubaaqudgha.
  2488 | D:3      | Found a burning altar of Makhleb.
  2490 | D:3      | Found a shimmering altar of Xom.
  2493 | D:3      | 2493 ||| READING scroll labelled JUAGET TEGGE.
  2494 | D:3      | 2494 ||| READING scroll labelled HOFAJI ASOI.
  2602 | D:4      | Reached skill level 3 in Dodging
  2641 | D:4      | Found a broken altar of Ashenzari.
  2651 | D:4      | Found a runed translucent door.
  2651 | D:4      | Noticed qw's ghost (amateur DEHu)
  2760 | D:4      | Reached skill level 9 in Ranged Weapons
  2816 | D:4      | Reached XP level 6. HP: 27/35 MP: 8/8
  2864 | D:4      | 2864 ||| Stepping ~*~*~tactically~*~*~ (outnumbered).
  2886 | D:4      | Found an iron altar of Okawaru.
  2887 | D:4      | 2887 ||| PLANNING OKAWARU WORSHIP
  2887 | D:4      | 2887 ||| DROPPING ring of poison resistance.
  2895 | D:4      | Became a worshipper of Warmaster Okawaru
  2896 | D:4      | 2896 ||| PLANNING D:1-11
  2997 | D:4      | Found an opulent altar of Gozag.
  3068 | D:4      | Found a blossoming altar of Fedhas.
  3251 | D:4      | 3251 ||| UPGRADING to +0 cloak.
  3256 | D:4      | 3256 ||| READING scroll labelled PEWOFI HAZUXA.
  3282 | D:4      | 3282 ||| READING scroll labelled ESILESH XAQI.
  3283 | D:4      | 3283 ||| READING scroll labelled ZOYQORR JOISE.
  3285 | D:4      | 3285 ||| Stepping ~*~*~tactically~*~*~ (cloud).
  3380 | D:5      | Entered Level 5 of the Dungeon
  3380 | D:5      | Noticed Edmund
  3381 | D:5      | 3381 ||| PLANNING OSSUARY
  3385 | D:5      | 3385 ||| STAIRDANCE
  3389 | D:4      | HP: 7/35 [sleepcap (3)]
  3390 | D:4      | Slain by Edmund

Levels and vault maps discovered:
D:1:      wander_arrival_estate, layout_basic,
          ebering_ecumenical_altar_abandoned, minmay_pentomino_r4
D:2:      layout_loops_cross, kennysheep_generic_room_5
D:3:      layout_loops_cross, minitemple, serial_rivers,
          chequers_serial_rivers_micro_d, chequers_serial_rivers_marsh,
          chequers_serial_rivers_small_b, chequers_serial_rivers_micro_b,
          nicolae_half_adder
D:4:      layout_cave_pools, mainiacjoe_overflow_paths, fedhas_altar_4,
          okawaru_altar_gauntlet_db, grunt_gozag_statues, gammafunk_ghost_grave
D:5:      layout_rooms, kennysheep_mini, minmay_temple_entry_glass,
          serial_shops, shop, shop, kennysheep_little_box, shop, shop,
          nicolae_ossuary_entry_giza, water_maze_lemuel, uniq_edmund,
          uniq_eustachio

Skill      XL: |  1  2  3  4  5 |
---------------+----------------+-----
Ranged Weapons | 6 7 8 9 |  9.4
Dodging        | 3 |  3.4
Fighting       | 2 |  2.0
Stealth        | |  1.2

Action                     |  1- 3 |  4- 6 || total
---------------------------+-------+-------++-------
   Fire: Shortbow          |    96 |   140 ||   236
    Use: Scroll            |     4 |     7 ||    11
         Potion            |     3 |       ||     3
 Armour: Leather armour    |     4 |       ||     4
         Ring mail         |     1 |    12 ||    13
  Dodge: Dodged            |    18 |    43 ||    61

Table legend:
 A = Non-vault XP
 B = Vault XP
 C = Vault XP percentage of total XP
 D = Non-vault monster count
 E = Vault monster count
 F = Vault count percentage of total count
                 A         B        C        D         E       F
            +---------+---------+-------+---------+---------+-------
      Total |     376 |      99 |  20.8 |      66 |      14 |  17.5
            +---------+---------+-------+---------+---------+-------
        D:1 |      22 |       6 |  21.4 |      12 |       3 |  20.0
        D:2 |      36 |       3 |   7.7 |      20 |       2 |   9.1
        D:3 |     135 |      39 |  22.4 |      12 |       3 |  20.0
        D:4 |     183 |      51 |  21.8 |      22 |       6 |  21.4
            +---------+---------+-------+---------+---------+-------
